 Dungeon Crawl Stone Soup version 0.29.1-12-g30fa7ad0bf (webtiles) character file.

Game seed: 11078899730102376189

12864 mopl the Arsonist (level 11, -4/86 HPs)
             Began as a Mummy Fire Elementalist on Jan 16, 2023.
             Was a Priest of Vehumet.
             Slain by a fire elemental (16 damage)
             ... on level 8 of the Dungeon.
             The game lasted 00:22:53 (10846 turns).

mopl the Arsonist (Mummy Fire Elementalist)        Turns: 10846, Time: 00:22:54

Health: -4/86      AC:  5    Str: 12    XL:     11   Next: 68%
Magic:  23/23      EV: 14    Int: 18    God:    Vehumet [***...]
Gold:   211        SH: 15    Dex: 13    Spells: 10/26 levels left

rFire   . . .      SeeInvis .   a - staff of conjuration
rCold   + + .      Faith    .   s - +5 kite shield "Idghosag" {+Blink rC+}
rNeg    + + +      Spirit   .   w - +2 robe {rC+}
rPois   ∞          Reflect  .   k - +0 helmet
rElec   .          Harm     +   i - scarf {harm}
rCorr   .          Rampage  .   (no gloves)
Will    +....                   (no boots)
Stlth   ++........              g - amulet of regeneration
HPRegen 1.04/turn               v - ring of fire
MPRegen 0.18/turn               G - +4 ring of evasion

@: no status effects
A: cold resistance 1, negative energy resistance 3, torment resistance 2, heat
vulnerability 1, in touch with death 1, no potions
a: Renounce Religion, Evoke Blink


You were on level 8 of the Dungeon.
You worshipped Vehumet.
Vehumet was most pleased with you.
You visited 3 branches of the dungeon, and saw 12 of its levels.

You collected 661 gold pieces.
You spent 450 gold pieces at shops.

Inventory:

Hand Weapons
 b - a +0 dagger of draining
 c - a +0 dagger of venom
Missiles
 q - 16 poisoned darts
 r - 6 boomerangs
 t - 7 curare-tipped darts
Armour
 i - a scarf of harm (worn)
 k - a +0 helmet (worn)
 s - the +5 kite shield "Idghosag" (worn) {+Blink rC+}
   (You found it on level 5 of the Dungeon)

   rC:        It protects you from cold.
   +Blink:    It lets you blink.
 w - a +2 robe of cold resistance (worn)
Magical Staves
 a - a staff of conjuration (weapon)
Jewellery
 g - an amulet of regeneration (around neck)
 v - a ring of fire (left hand)
 G - a +4 ring of evasion (right hand)
Wands
 n - a wand of mindburst (29)
 o - a wand of roots (13)
 A - a wand of charming (8)
 B - a wand of polymorph (6)
 F - a wand of flame (11)
Scrolls
 e - 9 scrolls of teleportation
 f - a scroll of immolation
 j - 3 scrolls of blinking
 l - 2 scrolls of fog
 m - 3 scrolls of magic mapping
 y - a scroll of brand weapon {unknown}
 E - a scroll of summoning {unknown}
Miscellaneous
 D - a condenser vane


   Skills:
 + Level 7.8 Fighting
 - Level 1.5 Dodging
 - Level 1.5 Stealth
 + Level 6.4 Shields
 - Level 8.0 Spellcasting
 + Level 7.6 Conjurations
 + Level 8.1 Fire Magic
 + Level 4.5 Evocations


You had 10 spell levels left.
You knew the following spells:

 Your Spells              Type           Power      Damage    Failure   Level
a - Foxfire               Conj/Fire      100%       2x1d9     1%          1
b - Scorch                Fire           100%       2d10      1%          2
c - Conjure Flame         Conj/Fire      69%        6-21      1%          3
f - Flame Wave            Conj/Fire      69%        2d16      2%          4
g - Ignite Poison         Fire/Tmut/Pois 25%        N/A       7%          3
h - Inner Flame           Hex/Fire       32%        N/A       4%          3

Your spell library contained the following spells:

 Spells                   Type           Power      Damage    Failure   Level
 Stone Arrow              Conj/Erth      62%        3d10      4%          3
 Sandblast                Erth           14%        2d6       7%          1
 Passwall                 Tmut/Erth      5%         N/A       36%         2
 Lee's Rapid Deconstruct  Erth           3%         3d6*      83%         5
 Cause Fear               Hex            3%         N/A       94%         4
 Leda's Liquefaction      Hex/Erth       3%         N/A       94%         4
 Discord                  Hex            3%         N/A       100%        8


Dungeon Overview and Level Annotations

Branches:
Dungeon (10/15)            Temple (1/1) D:6            Lair (1/5) D:8
    Orc: D:9-12

Altars:
Ashenzari
Cheibriados
Dithmenos
Fedhas
Gozag
Hepliaklqana
Kikubaaqudgha
Makhleb
Nemelex Xobeh
Okawaru
Qazlal
Ru
Sif Muna
Trog
Uskayaw
Vehumet
Wu Jian
Xom
Yredelemnul

Shops:
D:1 =   D:10 ?

Annotations:
D:9 dig


Innate Abilities, Weirdness & Mutations

You are immune to poison.
Your flesh is cold resistant. (rC+)
You are immune to negative energy. (rN+++)
You are immune to unholy pain and torment.
You are vulnerable to heat. (rF-)
You are in touch with the powers of death.
You do not drink.


Message History

The fire elemental closely misses you.
You closely miss the fire elemental.
The fire elemental is moderately damaged.
The fire elemental hits you. The fire elemental burns you!
You block the fire elemental's attack.
You hit the fire elemental.
The fire elemental is moderately damaged.
You block the fire elemental's attack. The fire elemental hits you.
The fire elemental burns you!
You hit the fire elemental.
The fire elemental is heavily damaged.
You block the fire elemental's attack. The fire elemental misses you.
You hit the fire elemental but do no damage.
The fire elemental is heavily damaged.
The fire elemental hits you. The fire elemental burns you!
You hit the fire elemental but do no damage.
You blast the fire elemental!
The fire elemental is almost destroyed.
You block the fire elemental's attack. x2
You barely miss the fire elemental.
The fire elemental is almost destroyed.
The fire elemental hits you. The fire elemental burns you!
The fire elemental hits you. The fire elemental burns you!
You closely miss the fire elemental.
The fire elemental is almost destroyed.
You block the fire elemental's attack. The fire elemental hits you.
The fire elemental burns you!
* * * LOW HITPOINT WARNING * * *
You completely miss the fire elemental.
The fire elemental is almost destroyed.
You block the fire elemental's attack.
You barely miss the fire elemental.
The fire elemental is almost destroyed.
You block the fire elemental's attack. x2
You hit the fire elemental.
You blast the fire elemental.
The fire elemental is almost destroyed.
The fire elemental hits you. The fire elemental burns you!
* * * LOW HITPOINT WARNING * * *
The fire elemental hits you. The fire elemental burns you!
You die...

..~~~..~.##..8..###...........#..
~.~≈...~.##.....##..............#
..~..∩.~.#.....###.......>.######
..~....~.#.....##........°.#
~~~....~..........#...)....#
.~~.~~.~.......####........#
~.~.~..~.#.....####........#
~.~.~..~.##.....##.[.......#
~~~~~..~.#...8..@EY#########
..~≈≈~~~~....[...###
#..~~~~~~...#.....##
#~.≈≈~~~..#.###....#
.~.~~.~~~.#......###
.~........######## ..........#
###########


You could see a yak and a fire elemental.

Vanquished Creatures
  A two-headed ogre (D:8)
  A death yak (D:8)
  Pikel (D:5)
  A cane toad (Lair:1)
  2 unseen horrors
  A gargoyle (D:10)
  A troll (D:9)
  5 polar bears
  4 blink frogs (Lair:1)
  16 yaks
  A wraith (D:10)
  A wyvern (D:9)
  An unseen horror simulacrum (D:8)
  3 acid dragons (D:10)
  2 water moccasins
  5 orc warriors
  10 ice beasts
  4 sky beasts
  Pargi (D:3)
  3 wolves
  5 centaurs
  2 lemures (D:5)
  A kobold brigand (D:9)
  2 necrophages (D:5)
  4 bullfrogs
  3 scorpions
  5 wights (D:8)
  4 killer bees (D:9)
  4 electric eels
  2 howler monkeys (D:9)
  A jelly (D:5)
  A wyvern simulacrum (D:8)
  5 hounds
  4 orc priests
  A gnoll bouda (D:8)
  4 iguanas
  12 orc wizards
  3 centaur simulacra (D:8)
  A killer bee simulacrum (D:8)
  Robin (D:2)
  3 gnolls (D:8)
  10 adders
  A shadow imp (D:6)
  5 white imps (D:8)
  2 ufetubi (D:8)
  2 dart slugs
  26 orcs
  5 endoplasms
  3 giant cockroaches
  9 hobgoblins
  2 quokkas
  8 ball pythons
  4 bats
  8 frilled lizards
  23 goblins
  12 kobolds
  A rat (D:1)
253 creatures vanquished.

Vanquished Creatures (others)
  A yak (D:8)
  52 foxfires
  25 plants
78 creatures vanquished.

Grand Total: 331 creatures vanquished

Notes
Turn   | Place    | Note
-------+----------+-------------------------------------------
     0 | D:1      | mopl the Mummy Fire Elementalist began the quest for the
                  | Orb.
     0 | D:1      | Reached XP level 1. HP: 13/13 MP: 4/4
    97 | D:1      | Reached skill level 1 in Conjurations
   133 | D:1      | Reached skill level 3 in Spellcasting
   291 | D:1      | Reached XP level 2. HP: 19/19 MP: 4/6
   294 | D:1      | Learned a level 2 spell: Scorch
   313 | D:1      | Found Tunter's Jewellery Shoppe.
   949 | D:2      | Gained mutation: You are in touch with the powers of death.
                  | [Mummy growth]
   949 | D:2      | Reached XP level 3. HP: 24/24 MP: 0/7
  1126 | D:2      | Noticed Robin
  1159 | D:2      | Killed Robin
  1160 | D:2      | Reached skill level 3 in Fire Magic
  1421 | D:2      | Reached XP level 4. HP: 30/30 MP: 1/9
  1554 | D:2      | Reached skill level 2 in Conjurations
  1590 | D:2      | Learned a level 3 spell: Conjure Flame
  1758 | D:2      | Reached skill level 4 in Spellcasting
  2521 | D:3      | Noticed Pargi
  2526 | D:3      | Killed Pargi
  2527 | D:3      | Reached XP level 5. HP: 31/35 MP: 0/12
  2619 | D:3      | Learned a level 4 spell: Flame Wave
  3069 | D:4      | Reached XP level 6. HP: 41/41 MP: 8/13
  3085 | D:4      | Reached skill level 5 in Spellcasting
  3383 | D:4      | Reached skill level 1 in Evocations
  3576 | D:5      | Entered Level 5 of the Dungeon
  3582 | D:5      | Reached skill level 3 in Conjurations
  3797 | D:5      | Reached skill level 4 in Fire Magic
  3829 | D:5      | Noticed an ice beast
  3834 | D:5      | Killed an ice beast
  3836 | D:5      | Reached XP level 7. HP: 45/46 MP: 7/15
  4035 | D:5      | Learned a level 3 spell: Inner Flame
  4090 | D:5      | Reached skill level 6 in Spellcasting
  4090 | D:5      | Reached skill level 2 in Evocations
  4322 | D:5      | Got Vuong's Quarto of Metal
  4324 | D:5      | Identified the +5 kite shield "Idghosag" {+Blink rC+}
  4550 | D:5      | Reached skill level 1 in Fighting
  4676 | D:5      | Identified the +9 scale mail of Ashenzari's Hatred {*Slow
                  | rPois Regen+ Int+4}
  4817 | D:6      | Reached XP level 8. HP: 54/54 MP: 10/17
  4874 | D:6      | Found a staircase to the Ecumenical Temple.
  4950 | D:6      | Reached skill level 1 in Shields
  4950 | D:6      | Reached skill level 4 in Conjurations
  4959 | Temple   | Entered the Ecumenical Temple
  4959 | Temple   | Found a transporter.
  4959 | Temple   | Found a transporter.
  4961 | Temple   | Found a transporter.
  4961 | Temple   | Found a transporter.
  4977 | Temple   | Became a worshipper of Vehumet
  5299 | D:1      | Bought a ring of fire for 300 gold pieces
  5442 | D:6      | Noticed Pikel
  5562 | D:5      | Killed Pikel
  5563 | D:5      | Reached skill level 2 in Fighting
  5563 | D:5      | Reached skill level 2 in Shields
  5563 | D:5      | Reached skill level 7 in Spellcasting
  5563 | D:5      | Reached skill level 5 in Fire Magic
  5563 | D:5      | Reached skill level 3 in Evocations
  5846 | D:6      | Reached skill level 3 in Fighting
  5856 | D:6      | Reached XP level 9. HP: 59/63 MP: 9/20
  6460 | D:7      | Identified a scroll of acquirement
  6466 | D:7      | Acquired a staff of conjuration
  6521 | D:7      | Killed an unseen horror
  6525 | D:7      | Reached skill level 8 in Spellcasting
  6531 | D:7      | Reached * piety under Vehumet
  6531 | D:7      | Offered knowledge of Magic Dart by Vehumet.
  6699 | D:7      | Reached skill level 5 in Conjurations
  6727 | D:7      | Reached skill level 3 in Shields
  6854 | D:7      | Reached skill level 4 in Fighting
  7059 | D:7      | Reached skill level 6 in Fire Magic
  7297 | D:8      | Noticed a two-headed ogre
  7465 | D:8      | Found a staircase to the Lair.
  7466 | D:8      | Noticed a death yak
  7488 | D:7      | Reached skill level 5 in Fighting
  7488 | D:7      | Reached skill level 4 in Shields
  7594 | D:8      | Offered knowledge of Poisonous Vapours by Vehumet.
  7595 | D:8      | Reached XP level 10. HP: 74/74 MP: 17/22
  7609 | D:8      | Reached ** piety under Vehumet
  7840 | D:8      | Reached skill level 6 in Conjurations
  7915 | D:8      | Killed a two-headed ogre
  8026 | D:8      | Reached skill level 6 in Fighting
  8220 | D:8      | Reached skill level 5 in Shields
  8220 | D:8      | Reached skill level 7 in Fire Magic
  8555 | D:8      | Killed a death yak
  8626 | D:9      | Offered knowledge of Ignite Poison by Vehumet.
  8740 | D:8      | Learned a level 3 spell: Ignite Poison
  8947 | D:9      | Noticed a boulder beetle
  8947 | D:9      | Noticed a boulder beetle
  8947 | D:9      | Noticed a guardian serpent
  8959 | D:9      | Noticed a wizard
  8969 | D:9      | Noticed a gargoyle
  8969 | D:9      | Noticed a manticore
  8971 | D:9      | Noticed a cyclops
  8986 | D:9      | Noticed a cyclops
  8999 | D:9      | Noticed a shock serpent
  9005 | D:9      | Reached XP level 11. HP: 80/83 MP: 18/23
  9041 | D:9      | Reached skill level 7 in Conjurations
  9047 | D:9      | Reached *** piety under Vehumet
  9279 | D:10     | Entered Level 10 of the Dungeon
  9334 | D:10     | Reached skill level 7 in Fighting
  9522 | D:10     | Offered knowledge of Stone Arrow by Vehumet.
  9655 | D:10     | Found Tarimn's Magic Scroll Emporium.
  9695 | D:10     | Reached skill level 6 in Shields
  9772 | D:10     | Bought a scroll of teleportation for 45 gold pieces
  9772 | D:10     | Bought a scroll of fog for 60 gold pieces
  9772 | D:10     | Bought a scroll of teleportation for 45 gold pieces
  9780 | D:10     | Found a broken altar of Ashenzari.
 10131 | D:10     | Reached skill level 4 in Evocations
 10395 | D:10     | Found a bloodstained altar of Trog.
 10398 | D:10     | Found a basalt altar of Yredelemnul.
 10672 | Lair:1   | Entered Level 1 of the Lair of Beasts
 10676 | Lair:1   | Reached skill level 8 in Fire Magic
 10846 | D:8      | Slain by a fire elemental

Illustrated notes

Levels and vault maps discovered:
D:1:      dpeg_arrival_castle, layout_basic, serial_shops, shop
D:2:      layout_loops_ring, uniq_robin
D:3:      cheibrodos_old_hovel, layout_loops_corners, grunt_decor_mini_mirrors,
          uniq_pargi
D:4:      layout_basic
D:5:      layout_gridville
D:6:      layout_loops_corners, temple_statues, uniq_pikel
D:7:      layout_basic, serial_bayou_lagoon_b
D:8:      layout_rooms, lair_entry_dummy, serial_ice, serial_ice_n,
          serial_ice_b, serial_ice_j, serial_ice_d, serial_ice_g, serial_ice_a,
          serial_ice_h, serial_ice_o, serial_ice_m, serial_ice_f
D:9:      layout_gridville, minivault_12
D:10:     layout_big_octagon, minitemple, serial_shops, nicolae_shop_stone,
          serial_ice, serial_ice_b, serial_ice_c, serial_ice_g, serial_ice_l,
          serial_ice_m
Temple:   hellmonk_temple_divided_pantheon
Lair:1:   layout_gridlike, gammafunk_ghost_necromancy, lemuel_fruit_tree,
          grunt_megastairs_3, infiniplex_staircase_pool

Skill      XL: |  1  2  3  4  5  6  7  8  9 10 11 |
---------------+----------------------------------+-----
Conjurations   | 1 2 3 4 5 6 7 |  7.6
Spellcasting   | 3 4 5 6 7 8 |  8.0
Fire Magic     | 3 4 5 6 7 8 |  8.1
Evocations     | 1 2 3 4 |  4.5
Fighting       | 1 3 5 6 7 |  7.8
Shields        | 2 4 5 6 |  6.4
Dodging        | |  1.5
Stealth        | |  1.5

Action                   |  1- 3 |  4- 6 |  7- 9 | 10-12 || total
-------------------------+-------+-------+-------+-------++-------
Melee: Dagger            |    14 |    22 |     4 |       ||    40
       Unarmed           |     1 |       |       |       ||     1
       Punch             |     1 |       |       |       ||     1
       Staff             |       |       |       |    22 ||    22
 Cast: Foxfire           |     8 |       |    13 |     7 ||    28
       Scorch            |    38 |    62 |   122 |   214 ||   436
       Inner Flame       |       |       |     1 |       ||     1
       Conjure Flame     |       |       |       |     9 ||     9
 Abil: Evoke Blink       |       |       |       |     1 ||     1
Evoke: Wand              |       |       |     1 |       ||     1
  Use: Scroll            |       |       |     9 |     1 ||    10
Armor: Robe              |    11 |     9 |    14 |    30 ||    64
Dodge: Dodged            |    18 |    29 |    68 |    49 ||   164
Block: Kite shield       |       |       |       |    91 ||    91
